Match 37363979
Unlisted

Match 37363979
End
Kradschützen Motorcycle Team
Panzergrenadier Squad
250 Light Carrier
Construct Light Support Kompanie
Combat Half-tracks
250 Light Carrier
Selects Armored Support Battlegroup
Selects Armored Support Battlegroup
Selects Armored Support Battlegroup
Selects Superior Fire Drills
Advanced Field Repairs
Construct Mechanized Kompanie
Panzerjäger Mechanized Group
254 Reconnaissance Tractor
Marder III Tank Destroyer
Selects Salvage Kits
Marder III Tank Destroyer
Vehicle Survival Package
Support Armor Elements
Rapid Advance
Emergency Repair Kits
Billy
My body my choice
Don't Bully Me, I'll Cum
Komrad Dyatlov
Chikage
R19
JT
冲锋大哥
0
0

Comments sign in to comment!

No comments posted yet!